 Dungeon Crawl Stone Soup version 0.22-a0-580-gd5db89c (webtiles) character file.

1972 Amnesiac the Cutter (level 9, -1/41 HPs)
             Began as a Spriggan Wanderer on July 3, 2018.
             Was an Initiate of Gozag.
             Slain by a killer bee (9 damage)
             ... on level 8 of the Dungeon.
             The game lasted 00:23:52 (10670 turns).

Amnesiac the Cutter (Spriggan Wanderer)            Turns: 10670, Time: 00:23:53

Health: -1/41      AC:  2    Str:  9 (12) XL:     9   Next: 0%
Magic:  11/17      EV: 21    Int: 10 (12) God:    Gozag
Gold:   931        SH:  0    Dex: 13 (16) Spells: 14/18 levels left

rFire    . . .     SeeInvis +   a - +0 dagger (venom)
rCold    . . .     Gourm    .   (shield restricted)
rNeg     . . .     Faith    .   y - +0 robe {MR+}
rPois    .         Spirit   .   (helmet restricted)
rElec    .         Reflect  .   (no cloak)
rCorr    .         Harm     .   (gloves unavailable)
MR       ++...                  (boots unavailable)
Stlth    +++.......             d - amulet of the acrobat
HPRegen  0.13/turn              (no ring)
MPRegen  0.15/turn              (no ring)

@: lethally poisoned (-1 -> -4), gold aura, very slightly contaminated, very
quick
A: very small, unfitting armour, see invisible, herbivore, speed 3, slow
metabolism 2
a: Potion Petition, Call Merchant, Bribe Branch, Renounce Religion


You were on level 8 of the Dungeon.
You worshipped Gozag.
Gozag was pleased with you.
You were near starving.

You visited 2 branches of the dungeon, and saw 9 of its levels.

You collected 1035 gold pieces.
You paid 104 gold pieces to Gozag.

Inventory:

Hand Weapons
 a - a +0 dagger of venom (weapon)
 b - a +0 blowgun
 g - a +3 dagger
 r - a +0 hunting sling
 u - a +1 long sword of flaming
Missiles
 k - 7 sling bullets
 o - 4 poisoned needles
 q - 303 stones (quivered)
 v - 4 tomahawks
Armour
 y - a +0 robe of magic resistance (worn)
Jewellery
 d - an amulet of the acrobat (around neck)
Wands
 s - a wand of polymorph (11)
Scrolls
 e - a scroll of identify {!r}
 f - 2 scrolls of magic mapping {!r}
 h - 3 scrolls of teleportation {!r}
 i - a scroll of enchant armour {!r}
 l - 5 scrolls of remove curse {!r}
 p - 3 scrolls of amnesia {!r}
 x - a scroll of fog {!r}
Potions
 c - 2 potions of cancellation {!q}
 j - a potion of brilliance {!q}
 m - 2 potions of berserk rage {!q}


   Skills:
 - Level 1.0 Fighting
 * Level 7.5 Short Blades
   Level 1.0 Axes
 + Level 4.6 Throwing
 + Level 6.8 Dodging
 + Level 7.3 Stealth
 + Level 5.1 Spellcasting
   Level 2.1 Conjurations
 - Level 1.2 Hexes
 + Level 2.9 Evocations


You had 14 spell levels left.
You knew the following spells:

 Your Spells              Type           Power        Failure   Level  Hunger
a - Summon Guardian Gole  Hex/Summ       #.......     47%         3    ###....
b - Summon Small Mammal   Summ           #...         22%         1    None

Your spell library contained the following spells:

 Spells                   Type           Power        Failure   Level  Hunger


Dungeon Overview and Level Annotations

Branches:
Dungeon (8/15)             Temple (1/1) D:5            Lair (0/6) D:8

Altars:
Ashenzari
Cheibriados
Dithmenos
Elyvilon
Fedhas
Gozag
Hepliaklqana
Kikubaaqudgha
Makhleb
Nemelex Xobeh
Okawaru
Qazlal
Ru
Sif Muna
Trog
Uskayaw
Vehumet
Wu Jian
Xom
Yredelemnul
Zin
The Shining One

Annotations:
D:3 Grinder


Innate Abilities, Weirdness & Mutations

You are very small and have problems with some larger weapons.
You are too small for most types of armour.
You have supernaturally acute eyesight. (SInv)
You are a herbivore.
You cover ground extremely quickly.
You need to consume almost no food.


Message History

l - 5 scrolls of remove curse {!r} (gained 1)
e - a scroll of identify {!r}
Found a leather armour.
A jackal comes into view.
Found a worn gold wand.
Found a stone staircase leading up.
s - a wand of polymorph (11)
A killer bee comes into view.
The killer bee buzzes angrily.
You hear an angry buzzing noise.
A killer bee comes into view. x2
Found a staircase to the Lair.
There are monsters nearby!
You swing at nothing.
You swing at nothing.
You swing at nothing.
You closely miss the killer bee. The killer bee barely misses you.
You barely miss the killer bee. The killer bee barely misses you.
The killer bee closely misses you.
You hit the killer bee.
The killer bee is poisoned.
The killer bee is lightly wounded.
The killer bee stings you.
You are poisoned.
The killer bee poisons you!
You feel sick.
There is a stone staircase leading up here.
You feel sick. The killer bee closely misses you.
You feel sick.
You closely miss the killer bee.
The killer bee is heavily wounded.
The killer bee barely misses you. The killer bee stings you!
* * * LOW HITPOINT WARNING * * *
You feel sick.
The killer bee looks more healthy.
Really quaff
n - a potion of curing {!q}?
You feel better. The killer bee closely misses you. The killer bee misses you.
You miss the killer bee.
The killer bee is almost dead.
The killer bee misses you. The killer bee stings you!
* * * LOW HITPOINT WARNING * * *
You hit the killer bee but do no damage.
The killer bee is poisoned.
The killer bee is almost dead.
You kill the killer bee!
You have reached level 9!
Your experience leads to an increase in your attributes!
Your base attributes are Str 11, Int 12, Dex 16.
Increase (S)trength, (I)ntelligence, or (D)exterity?
You feel stronger.
You miss the killer bee. The killer bee stings you.
* * * LOW HITPOINT WARNING * * *
You are poisoned.
The killer bee poisons you! The killer bee completely misses you.
Casting: Summon Guardian Golem (slightly dangerous; 47% risk of failure)
Confirm with . or Enter, or press ? or * to list all spells.
You miscast Summon Guardian Golem.
A fistful of eyes flickers past your view.
You feel sick. The killer bee misses you. The killer bee closely misses you.
Casting: Summon Guardian Golem (slightly dangerous; 47% risk of failure)
Confirm with . or Enter, or press ? or * to list all spells.
You miscast Summon Guardian Golem.
Your hands glow momentarily.
You are near starving!
You feel sick. The killer bee barely misses you. The killer bee stings you!
You die...
Your body crumbles into a pile of gold.

###############
#.....@y......#
#.###########.#
#.# #y#
########.#
.....##.#
#.#..##.##
#.##.#......#
y...yy......#


You could see a killer bee.

Vanquished Creatures
  Pikel (D:4)
  Eustachio (D:4)
  A black bear (D:4)
  A slave (D:4)
  3 sky beasts
  2 ogres
  A centaur (D:6)
  A killer bee (D:8)
  A howler monkey (D:5)
  2 crimson imps (D:6)
  A jelly (D:3)
  2 hounds (D:6)
  A bullfrog skeleton (D:4)
  An orc priest (D:5)
  3 orc wizards
  7 adders
  9 gnolls
  4 shadow imps
  An adder skeleton (D:2)
  An adder zombie (D:6)
  5 dart slugs
  2 leopard geckos
  9 orcs
  3 giant cockroaches
  29 goblins
  10 hobgoblins
  4 jackals
  3 quokkas
  6 bats
  4 frilled lizards
  A giant cockroach zombie (D:6)
  A jackal skeleton (D:4)
  8 kobolds
  A leopard gecko skeleton (D:4)
  9 rats
139 creatures vanquished.

Vanquished Creatures (collateral kills)
  A centaur (D:5)
  4 wights (D:6)
  A worker ant (D:4)
  A gnoll (D:3)
  A leopard gecko (D:5)
  An orc (D:4)
  A ball python (D:5)
  A rat (D:3)
11 creatures vanquished.

Vanquished Creatures (others)
  A slave (D:4)
  2 hounds (D:4)
  An adder (D:4)
  An orc (D:4)
5 creatures vanquished.

Grand Total: 155 creatures vanquished

Notes
Turn   | Place    | Note
-------+----------+-------------------------------------------
     0 | D:1      | Amnesiac the Spriggan Wanderer began the quest for the Orb.
     0 | D:1      | Amnesiac set off with: a +2 dagger, a potion of berserk rage {!q}, a +0 hand axe, a +0 robe, a ration
     0 | D:1      | Reached XP level 1. HP: 10/10 MP: 3/3
     2 | D:1      | Learned a level 1 spell: Summon Small Mammal
   217 | D:2      | Reached skill level 1 in Short Blades
   264 | D:3      | Reached XP level 2. HP: 13/14 MP: 5/5
   521 | D:4      | Found an iron altar of Okawaru.
   547 | D:4      | Noticed a phantom
   824 | D:4      | Noticed Pikel
   824 | D:4      | Noticed a slave
   825 | D:4      | Noticed a slave
   826 | D:4      | Noticed a slave
   846 | D:4      | Noticed a slave
   926 | D:5      | Entered Level 5 of the Dungeon
  1184 | D:5      | Reached XP level 3. HP: 11/18 MP: 6/6
  1571 | D:5      | Found a staircase to the Ecumenical Temple.
  1577 | Temple   | Entered the Ecumenical Temple
  2181 | Temple   | Became a worshipper of Gozag Ym Sagoz the Greedy
  2767 | D:3      | Reached XP level 4. HP: 22/22 MP: 3/7
  3431 | D:1      | Found a shattered altar of Ashenzari.
  3598 | D:1      | Reached XP level 5. HP: 25/25 MP: 9/9
  4506 | D:3      | Noticed Grinder
  4923 | D:3      | Found a faded altar of an unknown god.
  5758 | D:4      | Noticed Eustachio
  5762 | D:4      | Noticed a black bear
  5816 | D:4      | Killed a slave
  5819 | D:4      | Killed Pikel
  5819 | D:4      | Reached skill level 5 in Short Blades
  5819 | D:4      | Reached skill level 5 in Dodging
  5819 | D:4      | Reached skill level 5 in Stealth
  5819 | D:4      | Reached XP level 6. HP: 11/30 MP: 9/12
  5819 | D:4      | Reached XP level 7. HP: 12/33 MP: 9/13
  6191 | D:4      | Killed Eustachio
  6817 | D:4      | Reached XP level 8. HP: 37/37 MP: 14/14
  6904 | D:4      | Learned a level 3 spell: Summon Guardian Golem
 10418 | D:7      | Reached skill level 5 in Spellcasting
 10642 | D:8      | Found a staircase to the Lair.
 10667 | D:8      | Reached XP level 9. HP: 11/41 MP: 17/17
 10670 | D:8      | Slain by a killer bee

Vault maps used:
D:1:      minmay_arrival_radiant_lines, nrook_mini_vaults, ashenzari_altar_1
D:2:      first_ration
D:3:      chequers_ecumenical_altar_simple_redux, uniq_grinder
D:4:      okawaru_trees_1, uniq_eustachio, uniq_pikel
D:5:      minmay_goblin_kobold_castle, minmay_temple_entry_trees
D:7:      grunt_livestock, centaur_isle
D:8:      lair_entry_dummy, hangedman_misty_isle
Temple:   minmay_crystal_snake_temple

Skill      XL: |  1  2  3  4  5  6  7  8 |
---------------+-------------------------+-----
Dodging        | 2 3 5 6 |  6.8
Short Blades   | 1 2 3 5 7 |  7.5
Spellcasting   | 2 3 5 |  5.1
Stealth        | 5 7 |  7.3
Evocations     | 2 |  2.9
Throwing       | 3 4 |  4.6
Fighting       | |  1.0
Axes           | |  1.0
Conjurations   | |  2.1
Hexes          | |  1.2

Action                   |  1- 3 |  4- 6 |  7- 9 || total
-------------------------+-------+-------+-------++-------
Melee: Dagger            |   108 |   117 |   356 ||   581
 Fire: Blowgun           |       |     5 |     4 ||     9
       Hunting sling     |       |     1 |    16 ||    17
Throw: Stone             |       |     1 |       ||     1
 Cast: Summon Small Mamm |    14 |    15 |    17 ||    46
       Summon Guardian G |       |       |    14 ||    14
Evoke: Wand              |       |     1 |     5 ||     6
  Use: Potion            |     2 |       |     5 ||     7
       Scroll            |     8 |     4 |     3 ||    15
 Stab: Sleeping          |     6 |     7 |     5 ||    18
       Distracted        |     1 |     4 |     5 ||    10
       Confused          |       |       |     1 ||     1
  Eat: Ration            |       |     3 |     2 ||     5
Armor: Robe              |    21 |     7 |    17 ||    45
Dodge: Dodged            |   107 |    87 |   275 ||   469

Table legend:
 A = Spawn XP
 B = Non-spawn XP
 C = Spawn XP percentage of total XP
 D = Spawn monster count
 E = Non-spawn monster count
 F = Spawn count percentage of total count
 G = Total turns spent on level
                    A         B        C        D         E        F      G
               +---------+---------+-------+---------+---------+-------+---------
         Total |       0 |    2818 |   0.0 |       0 |     149 |   0.0 | 10670
               +---------+---------+-------+---------+---------+-------+---------
           D:1 |       0 |      25 |   0.0 |       0 |      16 |   0.0 |  1067
           D:2 |       0 |      55 |   0.0 |       0 |       9 |   0.0 |  1122
           D:3 |       0 |     155 |   0.0 |       0 |      27 |   0.0 |  1621
           D:4 |       0 |    1197 |   0.0 |       0 |      26 |   0.0 |  2252
           D:5 |       0 |     522 |   0.0 |       0 |      52 |   0.0 |  1657
           D:6 |       0 |     548 |   0.0 |       0 |      14 |   0.0 |  1975
           D:7 |       0 |     122 |   0.0 |       0 |       2 |   0.0 |    64
           D:8 |       0 |     181 |   0.0 |       0 |       2 |   0.0 |   219
        Temple |       0 |      13 |   0.0 |       0 |       1 |   0.0 |   693
               +---------+---------+-------+---------+---------+-------+---------
